 Dungeon Crawl Stone Soup version 0.25-a0-161-gb7fd73da8f (webtiles) character file.

Game seed: 3540253556079206373, levelgen mode: deterministic

329 Leeroy the Slasher (level 6, 0/51 HPs)
             Began as a Draconian Skald on Nov 21, 2019.
             Slain by a centaur (5 damage)
             ... on level 5 of the Dungeon.
             The game lasted 00:08:04 (4492 turns).

Leeroy the Slasher (Draconian Skald)                Turns: 4492, Time: 00:08:05

Health: 0/51       AC:  7    Str: 14    XL:     6   Next: 25%
Magic:  9/9        EV:  7    Int: 13    God:
Gold:   184        SH: 12    Dex: 12    Spells: 2/9 levels left

rFire    . . .     SeeInvis .   f - +2 dagger (vamp)
rCold    . . .     Gourm    .   p - +2 large shield
rNeg     . . .     Faith    .   (armour unavailable)
rPois    .         Spirit   .   (helmet restricted)
rElec    .         Reflect  .   (no cloak)
rCorr    .         Harm     .   y - +0 pair of gloves
MR       .....                  (no boots)
Stlth    +.........             (no amulet)
HPRegen  0.17/turn              (no ring)
MPRegen  0.11/turn              (no ring)

@: no status effects
A: unfitting armour, cold-blooded, AC +6
a: no special abilities


You were on level 5 of the Dungeon.
You were not hungry.

You visited 1 branch of the dungeon, and saw 5 of its levels.

You collected 184 gold pieces.

Inventory:

Hand Weapons
 a - a +0 falchion
 d - a +0 dagger of speed
 f - a +2 vampiric dagger (weapon)
 k - a +0 halberd
 q - a +0 quarterstaff
 r - a +0 long sword
 z - a +1 trident of freezing
Missiles
 n - 8 boomerangs (quivered)
Armour
 p - a +2 large shield (worn)
 y - a +0 pair of gloves (worn)
Magical Staves
 G - an uncursed staff of energy {unknown}
Jewellery
 B - an uncursed ring of poison resistance {unknown}
Wands
 C - a wand of paralysis (7)
 D - a wand of flame (7)
Scrolls
 e - a scroll of amnesia {unknown}
 i - 3 scrolls of teleportation {unknown}
 j - a scroll of blinking {unknown}
 l - a scroll of magic mapping {unknown}
 o - a scroll of immolation {unknown}
 s - a scroll of enchant weapon {unknown}
 t - a scroll of identify {unknown}
 x - a scroll of fear {unknown}
 H - a scroll of remove curse {unknown}
Potions
 b - 2 potions of lignification {unknown}
 g - a potion of berserk rage {unknown}
 h - a potion of curing {unknown}
 m - 2 potions of brilliance {unknown}
 u - a potion of cancellation {unknown}
 v - a potion of ambrosia {unknown}
 w - a potion of degeneration {unknown}
 A - a potion of might
 F - a potion of haste {unknown}
Comestibles
 c - 10 rations


   Skills:
 + Level 3.4 Fighting
 - Level 5.2 Long Blades
 - Level 2.1 Dodging
 - Level 0.2 Shields
 - Level 2.0 Spellcasting
 - Level 2.1 Hexes
 - Level 3.0 Charms
 - Level 0.7 Evocations


You had 2 spell levels left.
You knew the following spells:

 Your Spells              Type           Power        Failure   Level  Hunger
a - Infusion              Chrm           #...         88%         1    ##.....
b - Spectral Weapon       Hex/Chrm       #.......     100%        3    ####...
c - Regeneration          Chrm/Necr      #.........   100%        3    ####...

Your spell library contained the following spells:

 Spells                   Type           Power        Failure   Level  Hunger
 Song of Slaying          Chrm           #.......     95%         2    ###....
 Shroud of Golubria       Chrm/Tloc      #.....       99%         2    ###....


Dungeon Overview and Level Annotations

Branches:
Dungeon (5/15)
 Temple: D:4-7

Altars:
Trog


Innate Abilities, Weirdness & Mutations

Your plain brown scales are hard. (AC +6)
You cannot fit into any form of body armour.
You are cold-blooded and may be slowed by cold attacks.


Message History

The centaur closely misses you. You block the centaur's attack.
You hit the centaur.
The centaur is severely wounded.
You block the centaur's attack.
You closely miss the centaur.
The centaur is severely wounded.
You block the centaur's attack. The centaur hits you.
* * * LOW HITPOINT WARNING * * *
You hit the centaur but do no damage. You tail-slap the centaur.
The centaur is severely wounded.
The centaur barely misses you.
You hit the centaur but do no damage.
The centaur is severely wounded.
The centaur hits you!
* * * LOW HITPOINT WARNING * * *
The centaur hits you but does no damage.
You closely miss the centaur.
Your tail-slap misses the centaur.
The centaur is severely wounded.
You block the centaur's attack. The centaur hits you.
You die...

#.†.....###.....##
#<......# #.....#
#.##.#..# #.....###
#.##.#..# ##......#
#.#..#..# #.####.##
#.#.##..# #........
#.......# #..#.#..#
#...c...####..#.#..#
###@######.........#
#(.......##.####.#
###########.####.#
#......# ########


You could see a centaur.

Vanquished Creatures
  A howler monkey (D:5)
  An orc priest (D:4)
  2 worker ants
  2 hound zombies (D:5)
  A hound skeleton (D:5)
  A gnoll (D:1)
  4 adders (D:2)
  A shadow imp (D:5)
  An ooze (D:3)
  An adder skeleton (D:5)
  A worm (D:2)
  4 leopard geckos
  8 orcs
  4 giant cockroaches
  8 hobgoblins
  18 jackals
  A quokka (D:2)
  A ball python (D:3)
  6 bats
  2 frilled lizards
  9 goblins
  13 kobolds
  A leopard gecko skeleton (D:5)
  2 quokka skeletons (D:5)
  10 rats
103 creatures vanquished.

Notes
Turn   | Place    | Note
-------+----------+-------------------------------------------
     0 | D:1      | Leeroy the Draconian Skald began the quest for the Orb.
     0 | D:1      | Reached XP level 1. HP: 17/17 MP: 3/3
   220 | D:1      | Reached XP level 2. HP: 24/24 MP: 5/5
   344 | D:1      | Reached skill level 3 in Long Blades
   379 | D:1      | HP: 1/24 [gnoll/+0 halberd (8)]
   813 | D:2      | Reached XP level 3. HP: 29/29 MP: 6/6
   888 | D:2      | Reached skill level 4 in Long Blades
  1129 | D:2      | Reached XP level 4. HP: 29/36 MP: 3/7
  1971 | D:3      | Reached skill level 5 in Long Blades
  1971 | D:3      | Reached XP level 5. HP: 14/41 MP: 8/8
  1984 | D:3      | Learned a level 3 spell: Spectral Weapon
  1988 | D:3      | Learned a level 3 spell: Regeneration
  3287 | D:4      | Reached skill level 1 in Hexes
  3610 | D:4      | Noticed an ogre
  3634 | D:5      | Entered Level 5 of the Dungeon
  3820 | D:5      | Reached XP level 6. HP: 42/50 MP: 9/9
  4207 | D:5      | Found a bloodstained altar of Trog.
  4492 | D:5      | Slain by a centaur

Levels and vault maps discovered:
D:1:      minmay_arrival_solitary_statue, layout_loops_ring,
          roderic_roman_lattice
D:2:      layout_loops_ring, first_ration, st_stairs_12
D:3:      layout_basic, st_stairs_1, due_unseen_surprise
D:4:      layout_cave_pools
D:5:      layout_loops_cross, trog_hazing_becter

Skill      XL: |  1  2  3  4  5  6 |
---------------+-------------------+-----
Long Blades    | 3 4 5 |  5.2
Charms         | 3 |  3.0
Hexes          | 2 |  2.1
Fighting       | 3 |  3.4
Dodging        | |  2.1
Shields        | |  0.2
Spellcasting   | |  2.0
Evocations     | |  0.7

Action                   |  1- 3 |  4- 6 || total
-------------------------+-------+-------++-------
Melee: Dagger            |   102 |   345 ||   447
       Falchion          |    13 |       ||    13
       Tailslap          |    11 |    46 ||    57
Throw: Boomerang         |       |     2 ||     2
 Cast: Infusion          |     1 |       ||     1
  Use: Potion            |     1 |       ||     1
 Stab: Sleeping          |     1 |     1 ||     2
  Eat: Chunk             |     1 |    11 ||    12
Armor: Skin              |    28 |   104 ||   132
Dodge: Dodged            |    75 |   115 ||   190
Block: Large shield      |       |   206 ||   206
       Rpst.: Falchion   |     2 |       ||     2

Table legend:
 A = Non-vault XP
 B = Vault XP
 C = Vault XP percentage of total XP
 D = Non-vault monster count
 E = Vault monster count
 F = Vault count percentage of total count
                 A         B        C        D         E       F
            +---------+---------+-------+---------+---------+-------
      Total |     456 |      15 |   3.2 |      94 |       8 |   7.8
            +---------+---------+-------+---------+---------+-------
        D:1 |      40 |       0 |   0.0 |      20 |       0 |   0.0
        D:2 |     105 |       1 |   0.9 |      31 |       1 |   3.1
        D:3 |      84 |       6 |   6.7 |      23 |       2 |   8.0
        D:4 |      54 |       0 |   0.0 |       6 |       0 |   0.0
        D:5 |     173 |       8 |   4.4 |      14 |       5 |  26.3
            +---------+---------+-------+---------+---------+-------
